Map: Ever Dream LE

Players

MarineLorD - Winner!

  • Race: Terran Terran
  • League: Master
  • Spawn Location: 1:00

AqueroN

  • Race: Terran Terran
  • League: Grandmaster
  • Spawn Location: 7:00

Event: DreamHack SC2 Masters 2020 Fall

VOD

Have the link to the VOD?

Description

Time

  • Played on: Sept. 4, 2020, 12:13 p.m.
  • Length: 7:15

All games in this series

Show
View Real Time Build Order
Export as new Build Order

MarineLorD Terran - Winner!

Build Orders:  

Get SALT Encoding   

  12  0:00  SCV  
  13  0:12  SCV  
  14  0:18  Supply Depot  
  14  0:24  SCV  
  15  0:40  SCV  
  15  0:41  Barracks  
  16  0:48  Refinery  
  16  1:00  Barracks  
  16  1:03  SCV  
  17  1:15  SCV  
  18  1:31  Orbital Command  
  18  1:42  Barracks Tech Lab  
  18  1:45  Supply Depot  
  18  1:56  SCV  
  18  2:00  Concussive Shells  
  18  2:01  Refinery, Marauder, Barracks Tech Lab  
  21  2:08  SCV  
  22  2:20  SCV, Marauder  
  22  2:22  Marauder  
  27  2:26  Supply Depot  
  27  2:33  SCV  
  28  2:40  Factory  
  28  2:46  Marauder  
  28  2:48  SCV  
  31  2:53  Marauder  
  33  3:01  SCV  
  32  3:07  Marauder  
  32  3:13  SCV  
  32  3:14  Marauder  
  33  3:23  Factory Tech Lab  
  33  3:25  SCV  
  32  3:29  Marauder  
  34  3:37  SCV  
  34  3:38  Supply Depot  
  37  3:45  Cyclone  
  38  3:50  Supply Depot  
  34  3:56  SCV  
  34  4:01  Mag-Field Accelerator  
  35  4:09  Starport  
  33  4:10  SCV  
  34  4:22  Cyclone  
  34  4:23  SCV  
  36  4:35  SCV  
  36  4:36  Command Center  
  37  4:47  Viking  
  37  4:49  SCV  
  40  4:55  Cyclone  
  43  5:01  SCV  
  44  5:07  Barracks  
  44  5:13  SCV  
  45  5:17  Starport Tech Lab  
  45  5:25  SCV  
  45  5:27  Siege Tank  
  49  5:34  Refinery  
  49  5:35  Refinery  
  49  5:37  SCV  
  50  5:49  SCV  
  51  5:53  Banshee  
  51  5:55  Barracks Reactor  
  54  6:01  SCV  
  55  6:09  Command Center  
  55  6:13  Orbital Command  
  55  6:14  SCV  
  53  6:26  SCV  
  54  6:38  SCV  
Show
View Real Time Build Order
Export as new Build Order

AqueroN Terran 

Build Orders:  

Get SALT Encoding   

  12  0:00  SCV  
  13  0:12  SCV  
  14  0:16  Supply Depot  
  14  0:24  SCV  
  15  0:29  Refinery  
  15  0:38  SCV  
  16  0:44  Barracks  
  16  0:50  SCV  
  17  0:57  Refinery  
  17  1:02  SCV  
  18  1:14  SCV  
  19  1:30  Orbital Command  
  19  1:31  Reaper  
  20  1:35  Factory  
  20  1:45  Supply Depot  
  20  1:57  SCV  
  21  2:03  Reaper  
  22  2:09  SCV  
  23  2:19  Hellion  
  23  2:21  SCV  
  26  2:27  Command Center  
  26  2:34  SCV  
  26  2:35  Reaper  
  28  2:37  Supply Depot  
  28  2:41  Hellion  
  30  2:46  SCV  
  30  2:58  SCV  
  29  3:10  SCV  
  26  3:18  Marine  
  26  3:20  Hellion  
  26  3:22  SCV  
  24  3:36  Marine  
  23  3:41  Hellion  
  23  3:51  SCV  
  21  4:01  Marine  
  20  4:03  SCV  
  20  4:04  Factory Tech Lab  
  20  4:16  SCV, Starport  
  21  4:19  Marine  
  22  4:28  Cyclone  
  25  4:32  SCV  
  25  4:37  Marine  
  27  4:44  SCV  
  28  4:55  Marine  
  28  4:56  SCV  
  28  5:00  Medivac  
  30  5:08  SCV  
  30  5:13  Marine  
  32  5:17  Siege Tank  
  32  5:20  SCV  
  36  5:30  Marine  
  36  5:32  SCV, Supply Depot  
  38  5:44  SCV  
  39  5:53  Marine, Liberator  
  39  5:55  Supply Depot  
  43  6:01  SCV  
  44  6:13  SCV  
  40  6:22  Siege Tank  
  40  6:23  Marine  

Tags
 
Add a new tag
Caveats
  • Supply blocks, unpowered buildings, or Contaminate may cause inaccurate times.
  • Supply counts are checked every 10 seconds.